| TOP OF THE 1ST |
|
Billings Mustangs batting - Pitching for Ogden Spikes : RHP Josh Torres
|
|
Pitching: RHP Josh Torres
|
|
|
Batting: LHB Bob Bourne
|
0-0: Called Strike 0-1: Ball 1-1: Foul Ball, location: 2F 1-2: Strikes out swinging
|
|
Batting: RHB Tony Quintana
|
0-0: Ball 1-0: Called Strike 1-1: Fly out, F9 (Line Drive, 9)
|
|
Batting: LHB Tom Hester
|
0-0: Ball 1-0: Ball 2-0: Called Strike 2-1: Called Strike 2-2: Strikes out swinging
|
| Top of the 1st over - 0 runs, 0 hits, 0 errors, 0 left on base; Billings 0 - Ogden 0 |
| BOTTOM OF THE 1ST |
|
Ogden Spikes batting - Pitching for Billings Mustangs : RHP James Smith
|
|
Pitching: RHP James Smith
|
|
|
Batting: RHB Craig Landis
|
0-0: Called Strike 0-1: Foul Ball, location: 2F 0-2: Strikes out swinging
|
|
Batting: LHB Leon Durham
|
0-0: Foul Ball, location: 2F 0-1: Foul Ball, location: 2F 0-2: Ground out 4-3 (Groundball, 4)
|
|
Batting: LHB Mike Scioscia
|
0-0: Ball 1-0: Ball 2-0: Ball 3-0: Called Strike 3-1: Base on Balls
|
|
Batting: LHB Sal Rende
|
0-0: Foul Ball, location: 2F 0-1: Ball 1-1: Ball Wild Pitch! Mike Scioscia to second 2-1: Foul Ball, location: 2F 2-2: Strikes out swinging
|
| Bottom of the 1st over - 0 runs, 0 hits, 0 errors, 1 left on base; Billings 0 - Ogden 0 |
| TOP OF THE 2ND |
|
Billings Mustangs batting - Pitching for Ogden Spikes : RHP Josh Torres
|
|
Batting: RHB Mark Hopper
|
0-0: Fly out, F7 (Flyball, 78D)
|
|
Batting: LHB Stanley Davis
|
0-0: Called Strike 0-1: Ball 1-1: Swinging Strike 1-2: Foul Ball, location: 2F 1-2: Fly out, F8 (Flyball, 78XD)
|
|
Batting: LHB Eugene Quirk
|
0-0: Ball 1-0: Ball 2-0: Ball 3-0: Called Strike 3-1: SINGLE (Line Drive, 8RS)
|
|
Batting: RHB Michael Cash
|
0-0: Ball 1-0: Ball 2-0: Called Strike 2-1: Fly out, F9 (Line Drive, 9)
|
| Top of the 2nd over - 0 runs, 1 hit, 0 errors, 1 left on base; Billings 0 - Ogden 0 |
| BOTTOM OF THE 2ND |
|
Ogden Spikes batting - Pitching for Billings Mustangs : RHP James Smith
|
|
Batting: LHB Andres Romero
|
0-0: Foul Ball, location: 2F 0-1: Ball 1-1: Ball 2-1: DOUBLE (Line Drive, 78D)
|
|
Batting: RHB Gary Bozich
|
0-0: Called Strike 0-1: Ground out 5-3 (Groundball, 56S)
|
|
Batting: RHB Kalvin Adams
|
0-0: Called Strike 0-1: Ball 1-1: Ball 2-1: Swinging Strike 2-2: Foul Ball, location: 2F 2-2: Strikes out swinging
|
|
Batting: RHB George Goodrich
|
0-0: Called Strike 0-1: Ball 1-1: Ball 2-1: Ball 3-1: Foul Ball, location: 2F 3-2: Base on Balls
|
|
Batting: RHB Leonard Thompson
|
0-0: Ball 1-0: Ball 2-0: Ball 3-0: Base on Balls Andres Romero to third George Goodrich to second
|
|
Batting: RHB Craig Landis
|
0-0: Ball 1-0: Called Strike 1-1: Swinging Strike 1-2: Ball 2-2: Ball 3-2: Ground out 1-3 (Groundball, P)
|
| Bottom of the 2nd over - 0 runs, 1 hit, 0 errors, 3 left on base; Billings 0 - Ogden 0 |
| TOP OF THE 3RD |
|
Billings Mustangs batting - Pitching for Ogden Spikes : RHP Josh Torres
|
|
Batting: LHB Juan Navarrete
|
0-0: Ball 1-0: Bunted foul 1-1: Fly out, F8 (Line Drive, 8LM)
|
|
Batting: RHB Joseph Russell
|
0-0: Called Strike 0-1: Ball 1-1: Ball 2-1: Ball 3-1: Ground out U3 (Groundball, 3)
|
|
Batting: LHB Bob Bourne
|
0-0: Ball 1-0: Fly out, F6 (Popup, 6M)
|
| Top of the 3rd over - 0 runs, 0 hits, 0 errors, 0 left on base; Billings 0 - Ogden 0 |
| BOTTOM OF THE 3RD |
|
Ogden Spikes batting - Pitching for Billings Mustangs : RHP James Smith
|
|
Batting: LHB Leon Durham
|
0-0: Ball 1-0: Ball 2-0: SINGLE (Flyball, 7LS)
|
|
Batting: LHB Mike Scioscia
|
0-0: Foul Ball, location: 2F 0-1: Ball 1-1: Ball 2-1: Grounds into double play, 4-6-3 (Groundball, 34)
|
|
Batting: LHB Sal Rende
|
0-0: Ball 1-0: Foul Ball, location: 2F 1-1: Ball 2-1: Ball 3-1: Swinging Strike 3-2: Fly out, F8 (Flyball, 78M)
|
| Bottom of the 3rd over - 0 runs, 1 hit, 0 errors, 0 left on base; Billings 0 - Ogden 0 |
| TOP OF THE 4TH |
|
Billings Mustangs batting - Pitching for Ogden Spikes : RHP Josh Torres
|
|
Batting: RHB Tony Quintana
|
0-0: Ball 1-0: Foul Ball, location: 2F 1-1: DOUBLE (Line Drive, 3D)
|
|
Batting: LHB Tom Hester
|
0-0: Ball 1-0: Called Strike 1-1: Swinging Strike 1-2: Strikes out swinging
|
|
Batting: RHB Mark Hopper
|
0-0: Swinging Strike 0-1: Swinging Strike 0-2: Foul Ball, location: 2F 0-2: Ball 1-2: Ground out 6-3 (Groundball, 6)
|
|
Batting: LHB Stanley Davis
|
0-0: Ball 1-0: SINGLE (Line Drive, 8RS) Tony Quintana to third
|
|
Batting: LHB Eugene Quirk
|
0-0: Ball 1-0: Called Strike 1-1: Called Strike 1-2: DOUBLE (Line Drive, 3D) Tony Quintana scores Stanley Davis to third Runner from 3rd tries for Home, SAFE, throw by RF to home
|
|
Batting: RHB Michael Cash
|
0-0: Called Strike 0-1: Fly out, F3 (Popup, 3F)
|
| Top of the 4th over - 2 runs, 3 hits, 0 errors, 1 left on base; Billings 2 - Ogden 0 |
| BOTTOM OF THE 4TH |
|
Ogden Spikes batting - Pitching for Billings Mustangs : RHP James Smith
|
|
Batting: LHB Andres Romero
|
0-0: Called Strike 0-1: Swinging Strike 0-2: Ball 1-2: Ball 2-2: Ball 3-2: Base on Balls
|
|
Batting: RHB Gary Bozich
|
0-0: Foul Ball, location: 2F 0-1: Foul Ball, location: 2F 0-2: Strikes out looking
|
|
Batting: RHB Kalvin Adams
|
0-0: Ball 1-0: Ball 2-0: Ball 3-0: Base on Balls Andres Romero to second
|
|
Batting: RHB George Goodrich
|
0-0: Called Strike 0-1: Foul Ball, location: 2F 0-2: SINGLE (Groundball, 4D) Andres Romero to third Kalvin Adams to second Runner from 3rd tries for Home, SAFE, no throw by CF
|
|
Batting: RHB Leonard Thompson
|
0-0: Called Strike 0-1: Swinging Strike 0-2: Ball 1-2: Ball 2-2: Fly out, F8 (Line Drive, 8RD)
|
|
Batting: RHB Craig Landis
|
0-0: Called Strike 0-1: Swinging Strike 0-2: Foul Ball, location: 2F 0-2: Fly out, F8 (Flyball, 8LD)
|
| Bottom of the 4th over - 1 run, 1 hit, 0 errors, 2 left on base; Billings 2 - Ogden 1 |
| TOP OF THE 5TH |
|
Billings Mustangs batting - Pitching for Ogden Spikes : RHP Josh Torres
|
|
Batting: LHB Juan Navarrete
|
0-0: Foul Ball, location: 2F 0-1: Ground out U3 (Groundball, 34S)
|
|
Batting: RHB Joseph Russell
|
0-0: Ball 1-0: Ball 2-0: Ball 3-0: Called Strike 3-1: Base on Balls
|
|
Batting: LHB Bob Bourne
|
0-0: Ball Joseph Russell steals 2nd base 1-0: Swinging Strike 1-1: Ball 2-1: Ground out 4-3 (Groundball, 4S) Joseph Russell to third
|
|
Batting: RHB Tony Quintana
|
0-0: Fly out, F7 (Line Drive, 7D)
|
| Top of the 5th over - 0 runs, 0 hits, 0 errors, 1 left on base; Billings 2 - Ogden 1 |
| BOTTOM OF THE 5TH |
|
Ogden Spikes batting - Pitching for Billings Mustangs : RHP James Smith
|
|
Batting: LHB Leon Durham
|
0-0: Ball 1-0: Called Strike 1-1: SINGLE (Line Drive, 34D)
|
|
Batting: LHB Mike Scioscia
|
0-0: Foul Ball, location: 2F 0-1: Called Strike 0-2: Fielders Choice at 2nd, 4-6 (Groundball, 4)
|
|
Batting: LHB Sal Rende
|
0-0: Ball 1-0: SINGLE (Flyball, 7S) Mike Scioscia to second
|
|
Batting: LHB Andres Romero
|
0-0: Foul Ball, location: 2F 0-1: Called Strike 0-2: Strikes out looking
|
|
Batting: RHB Gary Bozich
|
0-0: Called Strike 0-1: Ball 1-1: Swinging Strike 1-2: Strikes out looking
|
| Bottom of the 5th over - 0 runs, 2 hits, 0 errors, 2 left on base; Billings 2 - Ogden 1 |
| TOP OF THE 6TH |
|
Billings Mustangs batting - Pitching for Ogden Spikes : RHP Josh Torres
|
|
Batting: LHB Tom Hester
|
0-0: Ball 1-0: Ball 2-0: Ball 3-0: Base on Balls
|
|
Batting: RHB Mark Hopper
|
0-0: Called Strike 0-1: Foul Ball, location: 2F 0-2: Ball 1-2: Ball 2-2: Foul Ball, location: 2F 2-2: Ball 3-2: Fly out, F8 (Line Drive, 8LD)
|
|
Batting: LHB Stanley Davis
|
0-0: Ball Tom Hester steals 2nd base 1-0: Intentional Walk
|
|
Batting: LHB Eugene Quirk
|
0-0: Called Strike 0-1: Fly out, F2 (Popup, 2LF)
|
|
Batting: RHB Michael Cash
|
0-0: Called Strike 0-1: Ball 1-1: Ground out 1-3 (Groundball, 34S)
|
| Top of the 6th over - 0 runs, 0 hits, 0 errors, 2 left on base; Billings 2 - Ogden 1 |
| BOTTOM OF THE 6TH |
|
Ogden Spikes batting - Pitching for Billings Mustangs : RHP James Smith
|
|
Batting: RHB Kalvin Adams
|
0-0: Called Strike 0-1: Foul Ball, location: 2F 0-2: Foul Ball, location: 2F 0-2: Fly out, F8 (Flyball, 78S)
|
|
Batting: RHB George Goodrich
|
0-0: Called Strike 0-1: Ball 1-1: Called Strike 1-2: Ground out 4-3 (Groundball, 4)
|
|
Batting: RHB Leonard Thompson
|
0-0: Called Strike 0-1: Ball 1-1: Called Strike 1-2: Ground out 6-3 (Groundball, 6)
|
| Bottom of the 6th over - 0 runs, 0 hits, 0 errors, 0 left on base; Billings 2 - Ogden 1 |
| TOP OF THE 7TH |
|
Billings Mustangs batting - Pitching for Ogden Spikes : RHP Josh Torres
|
|
Batting: LHB Juan Navarrete
|
0-0: Ball 1-0: Ground out 6-3 (Groundball, 6)
|
|
Batting: RHB Joseph Russell
|
0-0: Swinging Strike 0-1: Ball 1-1: Fly out, F4 (Flyball, 4D)
|
|
Batting: LHB Bob Bourne
|
0-0: Ball 1-0: Called Strike 1-1: Fly out, F6 (Line Drive, 6)
|
| Top of the 7th over - 0 runs, 0 hits, 0 errors, 0 left on base; Billings 2 - Ogden 1 |
| BOTTOM OF THE 7TH |
|
Ogden Spikes batting - Pitching for Billings Mustangs : RHP James Smith
|
|
Batting: RHB Craig Landis
|
0-0: Ball 1-0: Swinging Strike 1-1: Called Strike 1-2: Ground out 5-3 (Groundball, 56)
|
|
Batting: LHB Leon Durham
|
0-0: Ball 1-0: Ball 2-0: Ball 3-0: Called Strike 3-1: Ground out 4-3 (Groundball, 4)
|
|
Batting: LHB Mike Scioscia
|
0-0: Called Strike 0-1: Ball 1-1: Foul Ball, location: 2F 1-2: Foul Ball, location: 2F 1-2: Ball 2-2: Ball 3-2: Foul Ball, location: 2F 3-2: SINGLE (Groundball, 56D)
|
|
Batting: LHB Sal Rende
|
0-0: Called Strike 0-1: Ball 1-1: Called Strike 1-2: Strikes out swinging
|
| Bottom of the 7th over - 0 runs, 1 hit, 0 errors, 1 left on base; Billings 2 - Ogden 1 |
| TOP OF THE 8TH |
|
Billings Mustangs batting - Pitching for Ogden Spikes : RHP Josh Torres
|
|
Batting: RHB Tony Quintana
|
0-0: Ball 1-0: Called Strike 1-1: Ball 2-1: Ball 3-1: Base on Balls
|
|
Batting: LHB Tom Hester
|
0-0: Called Strike Tony Quintana is caught stealing 2nd base 2-6 0-1: Ball 1-1: Ball 2-1: Foul Ball, location: 2F 2-2: Strikes out swinging
|
|
Batting: RHB Mark Hopper
|
0-0: Ball 1-0: DOUBLE (Line Drive, 7LS)
|
|
Batting: LHB Stanley Davis
|
0-0: Intentional Walk
|
|
Batting: LHB Eugene Quirk
|
0-0: Ball 1-0: Fielders Choice at 2nd, U6 (Groundball, 6M)
|
| Top of the 8th over - 0 runs, 1 hit, 0 errors, 2 left on base; Billings 2 - Ogden 1 |
| BOTTOM OF THE 8TH |
|
Ogden Spikes batting - Pitching for Billings Mustangs : RHP James Smith
|
|
Batting: LHB Andres Romero
|
0-0: Ball 1-0: Ball 2-0: Ball 3-0: Base on Balls
|
|
Pinch Hitting: RHB Dennis Littlejohn
|
0-0: Ball 1-0: Bunted foul 1-1: Ball 2-1: Sac Bunt to 2R - play at first, batter OUT! 2-4 Andres Romero to second
|
|
Pinch Hitting: RHB Juan Espino
|
0-0: Ball 1-0: Called Strike 1-1: Ball 2-1: Ball 3-1: Base on Balls
|
|
Pitching: RHP Wade Frye
|
|
|
Pinch Hitting: RHB Damaso Garcia
|
0-0: Ball 1-0: Called Strike 1-1: Ball 2-1: Foul Ball, location: 2F 2-2: Fly out, F7 (Flyball, 7S)
|
|
Batting: RHB Leonard Thompson
|
0-0: Ball 1-0: Foul Ball, location: 2F 1-1: Called Strike 1-2: Foul Ball, location: 2F 1-2: Strikes out looking
|
| Bottom of the 8th over - 0 runs, 0 hits, 0 errors, 2 left on base; Billings 2 - Ogden 1 |
| TOP OF THE 9TH |
|
Billings Mustangs batting - Pitching for Ogden Spikes : RHP Josh Torres
|
|
Now at 2B: Damaso Garcia
|
|
|
Now at 3B: James Dyer
|
|
|
Now at SS: Robert Whitfield
|
|
|
Batting: RHB Michael Cash
|
0-0: Called Strike 0-1: Ball 1-1: Ball 2-1: Fly out, F7 (Flyball, 7LSF)
|
|
Batting: LHB Juan Navarrete
|
0-0: Called Strike 0-1: Foul Ball, location: 2F 0-2: Foul Ball, location: 2F 0-2: Strikes out looking
|
|
Batting: RHB Joseph Russell
|
0-0: Ball 1-0: Ground out U3 (Groundball, 34S)
|
| Top of the 9th over - 0 runs, 0 hits, 0 errors, 0 left on base; Billings 2 - Ogden 1 |
| BOTTOM OF THE 9TH |
|
Ogden Spikes batting - Pitching for Billings Mustangs : RHP Wade Frye
|
|
Batting: RHB Craig Landis
|
0-0: Ball 1-0: Foul Ball, location: 2F 1-1: Ball 2-1: Foul Ball, location: 2F 2-2: Strikes out swinging
|
|
Batting: LHB Leon Durham
|
0-0: Called Strike 0-1: Called Strike 0-2: Foul Ball, location: 2F 0-2: Ball 1-2: Ball 2-2: Foul Ball, location: 2F 2-2: Foul Ball, location: 2F 2-2: Fly out, F4 (Popup, 4MD)
|
|
Batting: LHB Mike Scioscia
|
0-0: Ball 1-0: Swinging Strike 1-1: Swinging Strike 1-2: Foul Ball, location: 2F 1-2: Foul Ball, location: 2F 1-2: Foul Ball, location: 2F 1-2: Ball 2-2: Ground out 6-3 (Groundball, 6)
|
| Bottom of the 9th over - 0 runs, 0 hits, 0 errors, 0 left on base; Billings 2 - Ogden 1 |
|